 Dungeon Crawl Stone Soup version 0.31-a0-968-g24f9ace8b5 (webtiles) character file.

Game seed: 9269776681312435576

2975 Maratek the Poker (level 9, -2/69 HPs)
             Began as a Demonspawn Fighter on Oct 27, 2023.
             Was a Follower of Qazlal.
             Succumbed to a gnoll sergeant's poison
             ... on level 7 of the Dungeon.
             The game lasted 00:13:17 (6423 turns).

Maratek the Poker (Demonspawn Fighter)              Turns: 6423, Time: 00:13:17

Health: -2/69      AC: 11    Str: 20    XL:     9   Next: 53%
Magic:  4/9        EV:  7    Int: 11    God:    Qazlal [*.....]
Gold:   362        SH: 12    Dex: 12    Spells: 8/8 levels left

rFire   + + .        d - +0 scythe (chaos)
rCold   + + .        (shield currently unavailable)
rNeg    . . .        v - +1 plate armour
rPois   +            (no helmet)
rElec   +            m - +2 cloak
rCorr   +            (no gloves)
SInv    .            (no boots)
Will    .....        j - amulet of guardian spirit Stlth
                     k - ring of protection from cold
HPRegen 0.31/turn    a - ring of protection from fire
MPRegen 0.11/turn

%: guardian spirit
@: lethally poisoned (-2 -> -24), resistant
A: large bone plates 2, powered by death 1, condensation shield, demonic touch
1, deformed body
a: Renounce Religion


You were on level 7 of the Dungeon.
You worshipped Qazlal.
Qazlal was aware of your devotion.
You visited 2 branches of the dungeon, and saw 8 of its levels.
You visited the Abyss 1 time.
You also visited: Sewer.

You collected 362 gold pieces.

Inventory:

Hand Weapons
 d - a +0 scythe of chaos (weapon)
Armour
 m - a +2 cloak (worn)
 v - a +1 plate armour (worn)
 w - a +2 kite shield
Jewellery
 a - a ring of protection from fire (right hand)
 j - an amulet of guardian spirit (around neck)
 k - a ring of protection from cold (left hand)
Wands
 b - a wand of flame (24)
 l - a wand of iceblast (7)
 o - a wand of paralysis (4)
Scrolls
 c - a scroll of vulnerability
 x - a scroll of teleportation {unknown}
 y - 2 scrolls of poison
Potions
 e - 2 potions of brilliance
 h - 2 potions of enlightenment
 i - a potion of degeneration {unknown}
 n - a potion of mutation {unknown}
 p - a potion of ambrosia {unknown}
 q - a potion of invisibility {unknown}
 r - 2 potions of curing {unknown}
 s - 5 potions of haste {unknown}
 u - 2 potions of lignification {unknown}
 A - a potion of cancellation {unknown}
Miscellaneous
 t - a lightning rod (3/4)


   Skills:
 + Level 5.7 Fighting
 + Level 7.9 Polearms
 + Level 5.4 Armour
 + Level 2.6 Dodging
 + Level 3.0 Stealth
 + Level 5.9 Shields
 + Level 0.5 Evocations


You had 8 spell levels left.
You didn't know any spells.
Your spell library contained the following spells:

 Spells                   Type           Power      Damage    Failure   Level
 Kiss of Death            Conj/Necr      0%         2d5       100%        1
 Cigotuvi's Dreadful Rot  Necr/Pois/Air  0%         N/A       100%        2
 Sublimation of Blood     Necr           0%         N/A       100%        2
 Wereblood                Tmut           0%         N/A       100%        2
 Confusing Touch          Hex            0%         N/A       100%        3
 Dazzling Flash           Conj/Hex       0%         N/A       100%        3
 Ignite Poison            Fire/Tmut/Pois 0%         N/A       100%        3
 Volatile Blastmotes      Fire/Tloc      0%         2d10      100%        3
 Dispel Undead            Necr           0%         3d6       100%        4
 Fulminant Prism          Conj/Hex       0%         3d5       100%        4
 Iskenderun's Mystic Bla  Conj/Tloc      0%         2d3       100%        4
 Manifold Assault         Tloc           0%         N/A       100%        4
 Agony                    Necr           0%         N/A       100%        5
 Freezing Cloud           Conj/Ice/Air   0%         6-21      100%        5
 Silence                  Hex/Air        0%         N/A       100%        5
 Dispersal                Tloc           0%         N/A       100%        6
 Summon Hydra             Summ           0%         N/A       100%        7
 Disjunction              Tloc           0%         N/A       100%        8


Dungeon Overview and Level Annotations

Branches:
Dungeon (7/15)             Temple (1/1) D:4           Sewer (visited)

Altars:
Ashenzari
Cheibriados
Dithmenos
Fedhas
Gozag
Hepliaklqana
Kikubaaqudgha
Nemelex Xobeh
Qazlal
Ru
Sif Muna
Trog
Uskayaw
Vehumet
Wu Jian
Xom
Yredelemnul
Lugonu

Shops:
D:2 [   D:3 =   D:7 (

Portals:
Abyss: D:1

Annotations:
D:1 2 runed translucent doors
D:4 1 runed translucent door, Crazy Yiuf


Innate Abilities, Weirdness & Mutations

You are mostly covered in large bone plates. (SH +6)
You regenerate a little health from kills.
A meltable shield of frost defends you. (SH +4)
Your touch may inflict minor irresistible damage on your foes.
Armour fits poorly on your strangely shaped body.


Message History

You feel very sick.
The gnoll sergeant hits you with a +0 spear of venom.
* * * LOW HITPOINT WARNING * * *
You are more poisoned.
You block the gnoll sergeant's attack.
You slash the gnoll sergeant!
You kill the gnoll sergeant!
Qazlal accepts your kill.
* * * LOW HITPOINT WARNING * * *
You feel extremely sick.
The gnoll sergeant hits you but does no damage.
You are more poisoned.
You feel much better.
You feel extremely sick.
The gnoll sergeant hits you with a +0 spear of venom.
You are more poisoned.
You hit the gnoll sergeant.
Space warps around the gnoll sergeant!
The gnoll sergeant is moderately wounded.
* * * LOW HITPOINT WARNING * * *
You feel extremely sick. You block the gnoll sergeant's attack.
You hit the gnoll sergeant.
You feel better.
The gnoll sergeant is heavily wounded.
* * * LOW HITPOINT WARNING * * *
You feel extremely sick. You block the gnoll sergeant's attack.
You hit the gnoll sergeant. You burn the gnoll sergeant.
The gnoll sergeant is almost dead.
* * * LOW HITPOINT WARNING * * *
You feel very sick. You block the gnoll sergeant's attack.
You barely miss the gnoll sergeant.
The gnoll sergeant is almost dead.
* * * LOW HITPOINT WARNING * * *
You feel very sick.
The gnoll sergeant hits you with a +0 spear of venom.
* * * LOW HITPOINT WARNING * * *
You are more poisoned.
You feel protected.
You die...

####### ######
####...[.####....#
..............##.#
####.....######♣.♣
# #.....# ♣@♣
####.....# ♣))g♣
..#####.## ♣...♣ #
#.# ..... # #.#
♣)..♣.♣ # #.#
..♣.... #.#
........) #.#
♣.###+###.♣ ## #.#


You could see a gnoll sergeant.

Vanquished Creatures
  Maggie (D:6)
  Sigmund (D:3)
  Eustachio (D:6)
  Edmund (D:4)
  2 water moccasins
  Duvessa (D:6)
  A naga skeleton (Abyss:1)
  Pargi (Sewer)
  2 black bears
  An ogre (D:5)
  2 bullfrogs (D:6)
  6 gnoll sergeants
  3 scorpions
  Dowan (D:6)
  A howler monkey (D:4)
  A quasit (D:6)
  An orc priest (D:3)
  3 sleepcaps
  2 iguanas
  2 orc wizards (D:3)
  26 gnolls
  6 adders
  A shadow imp (D:5)
  3 white imps
  8 worms
  7 dart slugs
  23 orcs
  12 endoplasms
  5 giant cockroaches
  A gnoll zombie (D:6)
  7 goblins
  7 hobgoblins
  7 jackals
  5 quokkas
  4 ball pythons
  7 bats
  6 frilled lizards
  12 kobolds
  8 rats
189 creatures vanquished.

Vanquished Creatures (others)
  A lurking horror (Abyss:1)
1 creature vanquished.

Grand Total: 190 creatures vanquished

Notes
Turn   | Place    | Note
-------+----------+-------------------------------------------
     0 | D:1      | Maratek the Demonspawn Fighter began the quest for the Orb.
     0 | D:1      | Reached XP level 1. HP: 18/18 MP: 1/1
    96 | D:1      | Found a large runed translucent door.
    96 | D:1      | Found a large runed translucent door.
    96 | D:1      | Found a one-way gate to the infinite horrors of the Abyss.
    96 | D:1      | Noticed a crimson imp
    96 | D:1      | Noticed a crimson imp
    96 | D:1      | Noticed an iron imp
    97 | D:1      | Noticed a crimson imp
    98 | D:1      | Found a corrupted altar of Lugonu.
    98 | D:1      | Noticed an iron imp
    98 | D:1      | Noticed an iron imp
   120 | D:1      | Reached skill level 2 in Polearms
   154 | D:1      | Gained mutation: You are partially covered in large bone
                  | plates. (SH +4) [demonic ancestry]
   154 | D:1      | Reached XP level 2. HP: 24/24 MP: 2/2
   411 | D:1      | Gained mutation: You regenerate a little health from kills.
                  | [demonic ancestry]
   411 | D:1      | Reached XP level 3. HP: 23/29 MP: 3/3
   864 | D:2      | HP: 1/29 [worm (7)]
   949 | D:2      | Found a basalt altar of Yredelemnul.
  1001 | D:2      | Found Mesom's Armour Boutique.
  1043 | D:2      | Found a faded altar of an unknown god.
  1125 | D:2      | Gained mutation: Your touch may inflict minor irresistible
                  | damage on your foes. [demonic ancestry]
  1125 | D:2      | Reached XP level 4. HP: 35/35 MP: 4/4
  1659 | D:3      | Gained mutation: A meltable shield of frost defends you.
                  | (SH +4) [demonic ancestry]
  1659 | D:3      | Reached XP level 5. HP: 40/42 MP: 5/5
  1665 | D:3      | Reached skill level 3 in Polearms
  1673 | D:3      | Found Caeg's Jewellery Shoppe.
  1700 | D:3      | Found a glowing drain.
  1713 | Sewer    | Entered a sewer
  1758 | Sewer    | Noticed Pargi
  1795 | Sewer    | Killed Pargi
  1796 | Sewer    | Reached skill level 1 in Dodging
  2026 | D:3      | Gained mutation: You are mostly covered in large bone
                  | plates. (SH +6) [demonic ancestry]
  2026 | D:3      | Reached XP level 6. HP: 48/48 MP: 6/6
  2064 | D:3      | Noticed Sigmund
  2086 | D:3      | Killed Sigmund
  2451 | D:3      | Reached skill level 4 in Polearms
  2497 | D:3      | Reached XP level 7. HP: 36/54 MP: 2/7
  3052 | D:4      | Noticed Edmund
  3053 | D:4      | Identified the +8 dagger "Oleitufo" {drain, Str+2 Int+3}
  3068 | D:4      | Killed Edmund
  3253 | D:4      | Reached skill level 5 in Polearms
  3338 | D:4      | Found a runed translucent door.
  3339 | D:4      | Noticed Crazy Yiuf
  3508 | D:4      | Found a staircase to the Ecumenical Temple.
  3540 | Temple   | Entered the Ecumenical Temple
  3547 | Temple   | Became a worshipper of Qazlal Stormbringer
  3985 | D:5      | Entered Level 5 of the Dungeon
  4282 | D:5      | Reached skill level 1 in Stealth
  4282 | D:5      | Reached XP level 8. HP: 52/61 MP: 8/8
  4706 | D:5      | Reached skill level 6 in Polearms
  4864 | D:5      | Found a sacrificial altar of Ru.
  5022 | D:6      | Noticed Eustachio
  5028 | D:6      | Killed Eustachio
  5067 | Abyss:1  | Cast into level 1 of the Abyss (gnoll sergeant)
  5092 | Abyss:1  | HP: 2/61 [naga warrior skeleton (14)]
  5193 | Abyss:1  | Noticed a large abomination
  5211 | Abyss:1  | Gained mutation: Armour fits poorly on your strangely
                  | shaped body. [a neqoxec]
  5227 | D:6      | Escaped the Abyss
  5238 | D:6      | Reached skill level 5 in Fighting
  5306 | D:6      | Reached skill level 5 in Shields
  5427 | D:6      | Reached * piety under Qazlal
  5535 | D:6      | Noticed Maggie
  5540 | D:6      | Reached skill level 7 in Polearms
  5551 | D:6      | Killed Maggie
  5552 | D:6      | Reached XP level 9. HP: 57/68 MP: 7/9
  5714 | D:6      | Noticed Duvessa
  5714 | D:6      | Noticed Dowan
  5721 | D:6      | Killed Duvessa
  5724 | D:6      | Killed Dowan
  5725 | D:6      | Reached skill level 5 in Armour
  6127 | D:7      | Found Ruum's Antique Weapon Boutique.
  6423 | D:7      | Succumbed to a gnoll sergeant's poison

Illustrated notes

Levels and vault maps discovered:
D:1:      erik_arrival_cave_to_civilisation [erik_arrival_cave_to_temple],
          layout_rooms, solitary_fountain
D:2:      layout_basic, basic_altar, serial_shops, shop,
          hellmonk_ecumenical_altar_lost_god, kennysheep_generic_room_11
D:3:      layout_loops_ring, portal_sewer_entry_d, serial_shops, shop,
          uniq_sigmund
D:4:      layout_loops_cross, minmay_temple_entry_glassed_door, serial_forest,
          infiniplex_forest_clump_cross, infiniplex_forest_fountain,
          infiniplex_forest_lined_2, infiniplex_forest_lined_corner,
          infiniplex_forest_corner_1, infiniplex_forest_lined_3,
          infiniplex_forest_straight_1, infiniplex_forest_lined_3, nrook_uturn,
          grunt_ministairs_2, uniq_crazy_yiuf_cottage, uniq_edmund
D:5:      layout_rooms, nicolae_ru_path_of_blood,
          nicolae_tso_swordbearing_angel, minmay_checkerbox
D:6:      layout_loops_ring, uniq_duvessa, uniq_maggie, uniq_eustachio
D:7:      layout_rooms, serial_shops, nicolae_shop_hallway_plus,
          nicolae_shop_competitors_out_of_business, shop,
          chequers_serial_rivers_large_a, pf_guarded_unrand_woodcutter
Temple:   bh_familiar_temple

Skill      XL: |  1  2  3  4  5  6  7  8  9 |
---------------+----------------------------+-----
Polearms       | 2 3 4 5 7 |  7.9
Shields        | 3 4 5 |  5.9
Armour         | 3 4 5 |  5.4
Dodging        | 1 2 |  2.6
Fighting       | 4 5 |  5.7
Stealth        | 1 2 3 |  3.0
Evocations     | |  0.5

Action                     |  1- 3 |  4- 6 |  7- 9 || total
---------------------------+-------+-------+-------++-------
  Melee: Trident           |   155 |   186 |       ||   341
         Halberd           |       |    58 |   320 ||   378
  Evoke: Wand              |       |     1 |       ||     1
         Lightning rod     |       |       |     5 ||     5
    Use: Scroll            |       |     6 |    10 ||    16
         Potion            |       |     1 |     2 ||     3
   Stab: Paralysed         |       |     2 |     2 ||     4
         Petrified         |       |       |     4 ||     4
         Distracted        |       |       |     1 ||     1
 Armour: Scale mail        |    92 |   147 |    77 ||   316
         Plate armour      |       |       |   121 ||   121
  Dodge: Dodged            |    69 |    86 |    96 ||   251
  Block: Buckler           |    82 |   106 |       ||   188
         Other             |       |    18 |   171 ||   189

Table legend: (Time is in decaauts)
 A = Elapsed time spent in this place.
 B = Non-inter-level travel time spent in this place.
 C = Inter-level travel time spent in this place.
 D = Time resting spent in this place.
 E = Time spent auto-exploring this place.
 F = Levels seen in this place.
 G = Mean time per level.
                   A        B        C        D        E       F      G
               +--------+--------+--------+--------+--------+-----+--------+
         Total |   6610 |   6360 |    250 |    496 |   4386 |  10 |  661.0 |
       Dungeon |   6116 |   5877 |    239 |    414 |   4201 |   7 |  873.7 |
        Temple |     13 |      2 |     11 |      0 |      0 |   1 |   13.0 |
         Abyss |    161 |    161 |      0 |     82 |      0 |   1 |  161.0 |
         Sewer |    317 |    317 |      0 |      0 |    184 |   1 |  317.0 |
               +--------+--------+--------+--------+--------+-----+--------+

Top non-repeatable levels by time:
     D:4: 1488 daAuts
     D:6: 938 daAuts
     D:3: 905 daAuts
     D:1: 842 daAuts
     D:2: 826 daAuts
     D:5: 797 daAuts
     D:7: 319 daAuts
   Sewer: 317 daAuts
 Abyss:1: 161 daAuts
  Temple: 13 daAuts
